 Dungeon Crawl Stone Soup version 0.18.1-8-gdd0e5ea (webtiles) character file.

5201 oshikia the Basher (level 10, -3/77 HPs)
             Began as a Demonspawn Gladiator on June 13, 2016.
             Was an Initiate of Gozag.
             Slain by an orc warrior
             ... wielding a +0 halberd
              (22 damage)
             ... on level 9 of the Dungeon.
             The game lasted 00:23:16 (7304 turns).

oshikia the Basher (Demonspawn Gladiator)           Turns: 7304, Time: 00:23:17

Health: -3/77      AC: 13    Str: 24    XL:     10   Next: 34%
Magic:  10/10      EV: 15    Int: 10    God:    Gozag
Gold:   880        SH:  5    Dex: 16    Spells: 1 memorised, 7 levels left

rFire  . . .     SeeInvis +     a - +0 flail (crush)
rCold  + . .     Gourm    .     o - +1 ring mail {rPois}
rNeg   + . .     Faith    .     n - +0 buckler
rPois  +         Spirit   .     (helmet restricted)
rElec  .         Dismiss  .     A - +2 cloak
rCorr  .         Reflect  .     (no gloves)
SustAt .         Harm     .     (no boots)
MR     .....                    (no amulet)
Stlth  +.........               v - +3 ring of strength
                                E - ring of positive energy

@: mighty, gold aura, flying, not resistant to hostile enchantments, very
unstealthy
A: horns 2, slimy green scales 2, see invisible, cold resistance 1, powered by
death 2
a: Potion Petition, Call Merchant, Bribe Branch, Renounce Religion


You were on level 9 of the Dungeon.
You worshipped Gozag.
Gozag was noncommittal.
You were hungry.

You visited 2 branches of the dungeon, and saw 9 of its levels.
You also visited: Ossuary.

You collected 958 gold pieces.
You paid 78 gold pieces to Gozag.

Inventory:

Hand Weapons
 a - a +0 flail of crushing (weapon)
Missiles
 d - a throwing net (quivered)
 w - 4 javelins
Armour
 b - a +0 leather armour
 n - a +0 buckler (worn)
 o - a +1 ring mail of poison resistance (worn)
 A - a +2 cloak (worn)
Jewellery
 v - a +3 ring of strength (right hand)
 E - a ring of positive energy (left hand)
Wands
 m - a wand of digging (6/24)
 r - a wand of teleportation (4/9)
 u - a wand of polymorph (11/24)
Scrolls
 e - 10 scrolls of identify
 g - a scroll of fog
 j - a scroll of blinking
 p - 3 scrolls of fear
 q - 3 scrolls of teleportation
 y - a scroll of brand weapon
 D - 3 scrolls of enchant armour
Potions
 c - a potion of cancellation
 h - a potion of agility
 i - a potion of flight
 k - 3 potions of might
 t - a potion of magic {unknown}
 x - 2 potions of haste {unknown}
 z - a potion of heal wounds {unknown}
 F - a potion of curing {unknown}
Books
 C - a book of Air

   Spells                             Type                      Level
   a - Shock                          Conjuration/Air              1
   b - Swiftness                      Charms/Air                   2
   c - Repel Missiles                 Charms/Air                   2
   d - Static Discharge               Conjuration/Air              3
   e - Lightning Bolt                 Conjuration/Air              5
Comestibles
 f - 7 bread rations
 l - 7 meat rations
 B - 3 fruits


   Skills:
 + Level 6.5 Fighting
 * Level 9.0 Maces & Flails
 - Level 1.7 Throwing
 + Level 5.3 Armour
 + Level 6.4 Dodging
 + Level 5.3 Shields


You had 7 spell levels left.
You knew the following spells:

 Your Spells              Type           Power        Failure   Level  Hunger
a - Repel Missiles        Chrm/Air       #.....       83%         2    ###....


Dungeon Overview and Level Annotations

Branches:
Dungeon (9/15)             Temple (1/1) D:4
   Lair: D:8-11         Orc: D:9-12

Altars:
Cheibriados
Dithmenos
Elyvilon
Fedhas
Gozag
Kikubaaqudgha
Makhleb
Nemelex Xobeh
Okawaru
Pakellas
Qazlal
Sif Muna
Trog
Vehumet
Xom
Zin
The Shining One

Shops:
D:4 }   D:7 [


Innate Abilities, Weirdness & Mutations

You have a pair of horns on your head.
You are mostly covered in slimy green scales (AC +3).
Your flesh is cold resistant.
You regenerate health from kills.
You have supernaturally acute eyesight.


Message History

The orc wizard shouts!
You sock the orc warrior!
You kill the orc warrior!
Your Maces & Flails skill increases to level 9!
You sock the orc!
You kill the orc!
You hit the orc warrior.
The orc warrior is lightly wounded.
You sock the orc priest! You headbutt the orc priest.
You kill the orc priest!
The orc closely misses you.
The orc warrior is distracted by the nearby gold.
The orc warrior shouts!
You sock the orc!
You kill the orc!
The orc wizard points at you and mumbles some strange words.
The magic dart hits you!
The orc warrior hits you from afar with a halberd!!
You die...
Your body crumbles into a pile of gold.

#..# # #.### #
#...# # #+# ##)#.#
#.###..#.###
#.#..........#
#####..=.....###.#
#.oo.....[....#
#.#.@...#.###.#
#o#$##..#.# .#
#o#..#..#.. #
#####.##.#..##.#
#......#o#......
#.###o..o........
###.#.##.....
#..o..# ....
#.#.### ...


You could see 2 orc warriors.

Vanquished Creatures
  Erica (D:8)
  Pikel (D:7)
  An ugly thing (D:8)
  Maurice (D:8)
  Psyche (D:8)
  A two-headed ogre (D:9)
  A hippogriff (D:8)
  Menkaure (D:4)
  2 water moccasins
  2 black bears
  2 orc warriors
  A sky beast (D:7)
  3 ogres
  2 centaurs
  Blork the orc (D:4)
  An elf zombie (Ossuary)
  6 giant frogs
  A scorpion (D:8)
  A giant frog zombie (D:5)
  4 crimson imps
  2 human zombies
  5 orc priests
  4 jellies
  2 orc wizards (D:9)
  A centaur skeleton (D:9)
  2 worker ants
  2 big kobold zombies (Ossuary)
  3 hound skeletons
  4 mummies (Ossuary)
  10 adders
  A worm zombie (D:4)
  2 adder zombies (Ossuary)
  An adder skeleton (D:4)
  2 worms
  3 dart slugs
  2 giant geckos
  23 orcs
  7 giant cockroaches
  2 gnoll zombies
  4 goblins
  4 hobgoblins
  13 jackals
  13 kobolds
  2 quokkas (D:3)
  6 bats
  5 giant newts
  2 hobgoblin zombies (Ossuary)
  A jackal zombie (Ossuary)
  2 orc zombies (Ossuary)
  10 rats
  A rat zombie (D:4)
175 creatures vanquished.

Vanquished Creatures (others)
  4 howler monkeys (D:7)
4 creatures vanquished.

Grand Total: 179 creatures vanquished

Notes
Turn   | Place    | Note
--------------------------------------------------------------
     0 | D:1      | oshikia the Demonspawn Gladiator began the quest for the Orb.
     0 | D:1      | Reached XP level 1. HP: 16/16 MP: 1/1
   398 | D:1      | Gained mutation: You have a pair of small horns on your head. [demonic ancestry]
   398 | D:1      | Reached XP level 2. HP: 22/22 MP: 2/2
   698 | D:1      | Reached skill level 3 in Maces & Flails
   922 | D:2      | Gained mutation: You are partially covered in slimy green scales (AC +2). [demonic ancestry]
   922 | D:2      | Reached XP level 3. HP: 22/28 MP: 3/3
  1621 | D:2      | Gained mutation: You have a pair of horns on your head. [demonic ancestry]
  1621 | D:2      | Reached XP level 4. HP: 34/34 MP: 4/4
  2028 | D:3      | Gained mutation: You have supernaturally acute eyesight. [potion of beneficial mutation]
  2550 | D:3      | Gained mutation: You are mostly covered in slimy green scales (AC +3). [demonic ancestry]
  2550 | D:3      | Reached XP level 5. HP: 40/40 MP: 5/5
  2609 | D:3      | Reached skill level 4 in Maces & Flails
  2609 | D:3      | Reached skill level 1 in Armour
  2609 | D:3      | Reached skill level 1 in Shields
  2640 | D:3      | HP: 1/40 [goblin/dagger of electrocution (18)]
  3121 | D:4      | Learned a level 2 spell: Repel Missiles
  3134 | D:4      | Noticed Menkaure
  3141 | D:4      | Killed Menkaure
  3141 | D:4      | Gained mutation: Your flesh is cold resistant. [demonic ancestry]
  3141 | D:4      | Reached XP level 6. HP: 6/47 MP: 6/6
  3519 | D:4      | Found Umpocupp's Gadget Shoppe.
  3531 | D:4      | Found a sand-covered staircase.
  3540 | Ossuary  | Entered an ossuary
  4024 | Ossuary  | Gained mutation: You regenerate a little health from kills. [demonic ancestry]
  4024 | Ossuary  | Reached XP level 7. HP: 46/52 MP: 7/7
  4088 | D:4      | Reached skill level 5 in Maces & Flails
  4131 | D:4      | Noticed Blork the orc
  4141 | D:4      | Killed Blork the orc
  4156 | D:4      | Found a staircase to the Ecumenical Temple.
  4168 | Temple   | Entered the Ecumenical Temple
  4302 | D:4      | Found an ancient bone altar of Kikubaaqudgha.
  4302 | D:4      | Found a deep blue altar of Sif Muna.
  4302 | D:4      | Found an opulent altar of Gozag.
  4302 | D:4      | Found a stormy altar of Qazlal.
  4311 | D:4      | Found a burning altar of Makhleb.
  4311 | D:4      | Found a snail-covered altar of Cheibriados.
  4322 | D:4      | Became a worshipper of Gozag Ym Sagoz the Greedy
  4711 | D:5      | Entered Level 5 of the Dungeon
  4711 | D:5      | Found an iron altar of Okawaru.
  5342 | D:5      | Reached XP level 8. HP: 45/60 MP: 8/8
  5369 | D:5      | You fall through a shaft for 2 floors!
  5380 | D:7      | Reached skill level 6 in Maces & Flails
  5468 | D:7      | Reached skill level 5 in Dodging
  5473 | D:7      | Found a glowing golden altar of the Shining One.
  5474 | D:7      | Found a white marble altar of Elyvilon.
  5475 | D:7      | Found a glowing silver altar of Zin.
  5491 | D:7      | Found Cizoxt's Armour Shop.
  5795 | D:7      | Noticed Pikel
  5825 | D:7      | Killed Pikel
  5825 | D:7      | Reached skill level 5 in Fighting
  5825 | D:7      | Reached skill level 7 in Maces & Flails
  5825 | D:7      | Gained mutation: You regenerate health from kills. [demonic ancestry]
  5825 | D:7      | Reached XP level 9. HP: 30/68 MP: 9/9
  6332 | D:8      | Noticed Maurice
  6356 | D:8      | Killed Maurice
  6399 | D:8      | Got a dazzling cloak
  6413 | D:8      | Identified the cursed +0 cloak of Aquaqoutz {*Corrode Int+7} (You found it on level 8 of the Dungeon)
  6497 | D:8      | You fall through a shaft!
  6502 | D:9      | Found a shadowy altar of Dithmenos.
  6505 | D:9      | Found a sparkling altar of Nemelex Xobeh.
  6542 | D:8      | Noticed Psyche
  6555 | D:8      | Killed Psyche
  6555 | D:8      | Reached skill level 8 in Maces & Flails
  6672 | D:8      | Noticed Erica
  6685 | D:8      | Killed Erica
  6685 | D:8      | Reached skill level 5 in Shields
  6685 | D:8      | Reached XP level 10. HP: 56/76 MP: 10/10
  6880 | D:8      | Reached skill level 5 in Armour
  7033 | D:8      | Noticed a brown ugly thing
  7058 | D:8      | Killed a brown ugly thing
  7299 | D:9      | Reached skill level 9 in Maces & Flails
  7304 | D:9      | Slain by an orc warrior

Skill      XL: |  1  2  3  4  5  6  7  8  9 10 |
---------------+-------------------------------+-----
Dodging        | 3 4 5 6 |  6.4
Maces & Flails | 3 4 5 7 8 9 |  9.0
Armour         | 1 2 3 4 5 |  5.3
Shields        | 1 2 3 5 |  5.3
Fighting       | 3 4 5 6 |  6.5
Throwing       | |  1.7

Action                   |  1- 3 |  4- 6 |  7- 9 | 10-12 || total
-------------------------+-------+-------+-------+-------++-------
Melee: Flail             |   118 |   184 |   275 |    88 ||   665
       Headbutt          |    16 |    44 |    56 |    21 ||   137
Throw: Javelin           |     6 |     8 |       |       ||    14
       Throwing net      |       |     3 |     6 |       ||     9
  Use: Potion            |       |     4 |       |     4 ||     8
       Scroll            |       |    11 |     3 |     1 ||    15
 Stab: Sleeping          |       |     3 |     1 |       ||     4
       Distracted        |       |       |     2 |       ||     2
  Eat: Chunk             |     2 |     6 |     2 |       ||    10
       Fruit             |       |     2 |     2 |       ||     4
       Beef jerky        |       |       |     3 |     1 ||     4
       Pizza             |       |       |     1 |       ||     1
Armor: Leather armour    |    27 |       |       |       ||    27
       Ring mail         |    15 |    88 |    97 |    39 ||   239
       Skin              |       |    39 |       |       ||    39
Dodge: Dodged            |    80 |   140 |   146 |    58 ||   424
Block: Buckler           |     6 |    37 |    68 |    19 ||   130
